[Event "Titled Tuesday Blitz April 25 Late 2023"]
[White "Bruedigam, Martin"]
[Black "Nihal Sarin"]
[WhiteFideId "24608033"]
[BlackFideId "25092340"]
[WhiteElo "2331"]
[BlackElo "2689"]
[Result "0-1"]
[Round "02"]
[TimeControl "180+2"]
[Date "2023.04.25"]
[WhiteClock "0:00:01"]
[BlackClock "0:01:37"]

1. d4 f5 2. Nc3 Nf6 3. Bg5 d5 4. Bxf6 exf6 5. e3 c6 6. Bd3 Be6 7. Nh3 g6 8. Nf4 Bf7 9. h3 h5 10. Qf3 Bd6 11. g4 hxg4 12. hxg4 Rxh1+ 13. Qxh1 Bxf4 14. gxf5 Bd6 15. fxg6 Bg8 16. O-O-O Kd7 17. e4 Kc7 18. exd5 cxd5 19. Nb5+ Kb6 20. Re1 Nc6 21. Kb1 Bb4 22. c3 a6 23. Na3 Bxa3 24. bxa3 Qd6 25. Ka1 Qxa3 26. Rb1+ Ka7 27. Rb3 Qe7 28. f4 f5 29. Bxf5 Qf6 30. Bd7 Qxg6 31. Qb1 Qxb1+ 32. Kxb1 Na5 33. Rb2 Rf8 0-1


[Site "https://www.chess.com"]

[Event "Titled Tuesday Blitz April 25 Late 2023"]
[White "Naroditsky, Daniel"]
[Black "Ezat, Mohamed"]
[WhiteFideId "2026961"]
[BlackFideId "10600906"]
[WhiteElo "2633"]
[BlackElo "2386"]
[Result "1/2-1/2"]
[Round "02"]
[TimeControl "180+2"]
[Date "2023.04.25"]
[WhiteClock "0:00:23"]
[BlackClock "0:00:28"]

1. d4 Nf6 2. Nc3 d5 3. Bf4 c5 4. e4 cxd4 5. Qxd4 Nc6 6. Bb5 Bd7 7. Bxc6 Bxc6 8. e5 Ne4 9. e6 Qb6 10. exf7+ Kxf7 11. Qxb6 axb6 12. Nxe4 dxe4 13. Ne2 e6 14. Nd4 Bd5 15. a3 Bb4+ 16. c3 Bc5 17. O-O-O Bxd4 18. Rxd4 b5 19. Rhd1 Rhd8 20. Bg5 Re8 21. Kd2 h6 22. Bh4 g5 23. Bg3 Bc6 24. Ke3 e5 25. Rd6 Re6 26. h4 Ke7 27. Rxe6+ Kxe6 28. hxg5 hxg5 29. Rh1 Rd8 30. Rh5 Kf5 31. Rh7 Rd3+ 32. Ke2 Rd7 33. Rh8 Bd5 34. Re8 Bc4+ 35. Ke1 Be6 36. Bh2 Rh7 37. Bg3 Rd7 38. Rf8+ Rf7 39. Rb8 Rd7 40. Re8 Kf6 41. Ra8 Kf5 42. a4 bxa4 43. Rxa4 b5 44. Ra5 Bc4 45. b3 Bxb3 46. Rxb5 Rd1+ 47. Ke2 Bc4+ 48. Kxd1 Bxb5 49. Kd2 Bf1 50. Ke3 Bxg2 51. c4 Ke6 52. c5 Kd5 53. c6 Kxc6 54. Bxe5 1/2-1/2


[Site "https://www.chess.com"]

[Event "Titled Tuesday Blitz April 25 Late 2023"]
[White "Di Berardino, Diego Rafael"]
[Black "Vachier-Lagrave, Maxime"]
[WhiteFideId "2105446"]
[BlackFideId "623539"]
[WhiteElo "2432"]
[BlackElo "2740"]
[Result "0-1"]
[Round "02"]
[TimeControl "180+2"]
[Date "2023.04.25"]
[WhiteClock "0:00:01"]
[BlackClock "0:01:11"]

1. e4 c6 2. d4 d5 3. exd5 cxd5 4. c4 Nf6 5. Nc3 e6 6. Nf3 Be7 7. cxd5 Nxd5 8. Bd3 Nc6 9. O-O Nf6 10. Re1 O-O 11. a3 Bd7 12. Bc2 Rc8 13. Qd3 g6 14. Bh6 Re8 15. Rad1 Na5 16. Ne5 b5 17. d5 Nc4 18. Nxd7 Qxd7 19. dxe6 Qxd3 20. exf7+ Kxf7 21. Rxd3 Bxa3 22. Rxe8 Rxe8 23. Kf1 Bb4 24. g3 a6 25. Rf3 Ke6 26. Ne2 Ng4 27. Nd4+ Kd5 28. Bg7 Nxh2+ 29. Kg2 Nxf3 30. Nxf3 Re2 31. Bd3 Re7 32. Bh8 Bc5 33. Ng5 Nd6 34. b3 Kc6 0-1


[Site "https://www.chess.com"]

[Event "Titled Tuesday Blitz April 25 Late 2023"]
[White "Caruana, Fabiano"]
[Black "Taichman, Ori"]
[WhiteFideId "2020009"]
[BlackFideId "2804069"]
[WhiteElo "2837"]
[BlackElo "2237"]
[Result "1-0"]
[Round "02"]
[TimeControl "180+2"]
[Date "2023.04.25"]
[WhiteClock "0:00:48"]
[BlackClock "0:00:09"]

1. d4 Nf6 2. Nf3 g6 3. g3 Bg7 4. Bg2 O-O 5. O-O d6 6. c4 Nc6 7. Nc3 Rb8 8. Bf4 Ng4 9. Bg5 h6 10. Bc1 e5 11. d5 Ne7 12. h3 Nf6 13. e4 Nd7 14. Be3 a6 15. Ne1 f5 16. Nd3 c5 17. dxc6 bxc6 18. Qd2 fxe4 19. Nxe4 d5 20. Nd6 e4 21. Nf4 Rxb2 22. Qc1 Ne5 23. Nxc8 Qxc8 24. Bc5 Rxf4 25. Qxf4 Nd3 26. Qd6 Nf5 27. Qxg6 Nxc5 28. cxd5 e3 29. dxc6 Rxf2 30. Rxf2 exf2+ 31. Kxf2 Kh8 32. Rd1 Bd4+ 33. Rxd4 Nxd4 34. Qxh6+ Kg8 35. Qg6+ Kh8 36. Qf6+ Kh7 37. Qxd4 Qf8+ 38. Kg1 Ne6 39. Qe4+ Kh8 40. Qxe6 a5 41. Kh2 a4 42. c7 a3 43. c8=Q Kh7 44. Be4+ 1-0


[Site "https://www.chess.com"]

[Event "Titled Tuesday Blitz April 25 Late 2023"]
[White "Bustamante Orta, Jorge"]
[Black "Firouzja, Alireza"]
[WhiteFideId "5121710"]
[BlackFideId "12573981"]
[WhiteElo "2165"]
[BlackElo "2904"]
[Result "0-1"]
[Round "02"]
[TimeControl "180+2"]
[Date "2023.04.25"]
[WhiteClock "0:01:46"]
[BlackClock "0:01:35"]

1. b3 e5 2. Bb2 Nc6 3. c4 Nge7 4. e3 Ng6 5. Nf3 Be7 6. d4 Bb4+ 7. Nc3 d6 8. a3 Bxc3+ 9. Bxc3 e4 10. Nd2 f5 11. g4 O-O 12. Qc2 Qh4 13. Be2 fxg4 14. Nxe4 Bf5 15. Rf1 g3 16. Bd3 gxf2+ 17. Qxf2 Bxe4 18. Qxh4 Rxf1+ 0-1


[Site "https://www.chess.com"]

[Event "Titled Tuesday Blitz April 25 Late 2023"]
[White "Sarana, Alexey"]
[Black "Rosen, Eric"]
[WhiteFideId "24133795"]
[BlackFideId "2032562"]
[WhiteElo "2714"]
[BlackElo "2331"]
[Result "1-0"]
[Round "02"]
[TimeControl "180+2"]
[Date "2023.04.25"]
[WhiteClock "0:01:59"]
[BlackClock "0:00:03"]

1. d4 d5 2. c4 e6 3. Nc3 Nf6 4. cxd5 exd5 5. Bg5 c6 6. e3 Bd6 7. Bd3 h6 8. Bh4 O-O 9. Nf3 Be6 10. Ne5 c5 11. O-O cxd4 12. exd4 Nc6 13. Nxc6 bxc6 14. Rc1 Rb8 15. Na4 g5 16. Bg3 Ne4 17. Rxc6 Nxg3 18. hxg3 Qd7 19. Ra6 Kg7 20. a3 Rfc8 21. b4 Rc6 22. Nc5 Qc7 23. Nxe6+ fxe6 24. Rxc6 Qxc6 25. Qg4 Kf6 26. f4 gxf4 27. Rxf4+ Bxf4 28. Qxf4+ Kg7 29. Qxb8 Qc1+ 30. Kh2 h5 31. Qxa7+ Kf6 32. Qh7 h4 33. Qxh4+ Kf7 34. Qf4+ Qxf4 35. gxf4 1-0


[Site "https://www.chess.com"]

[Event "Titled Tuesday Blitz April 25 Late 2023"]
[White "Espinosa, Pedro"]
[Black "Andreikin, Dmitry"]
[WhiteFideId "30921066"]
[BlackFideId "4158814"]
[WhiteElo "2016"]
[BlackElo "2736"]
[Result "1/2-1/2"]
[Round "02"]
[TimeControl "180+2"]
[Date "2023.04.25"]
[WhiteClock "0:00:25"]
[BlackClock "0:00:23"]

1. d4 Nf6 2. c4 e6 3. Nf3 d5 4. Nc3 c6 5. e3 Nbd7 6. Be2 Bd6 7. O-O O-O 8. b3 e5 9. dxe5 Nxe5 10. cxd5 Nxf3+ 11. Bxf3 Be5 12. Bb2 Nxd5 13. Bxd5 cxd5 14. Qd2 Bf5 15. Ne2 Bc7 16. Ng3 Bg6 17. Rfd1 Rc8 18. Qd4 f6 19. Rac1 h5 20. Qxd5+ Qxd5 21. Rxd5 h4 22. Rdc5 hxg3 23. Rxc7 Rxc7 24. Rxc7 Rd8 25. Bd4 gxf2+ 26. Kxf2 Be4 27. g4 Bc6 28. g5 Rd5 29. gxf6 gxf6 30. Bxa7 Rd2+ 31. Kg3 Rxa2 32. Bd4 Rg2+ 33. Kf4 Rf2+ 34. Kg3 Rg2+ 35. Kf4 Rf2+ 36. Kg3 Rg2+ 1/2-1/2


[Site "https://www.chess.com"]

[Event "Titled Tuesday Blitz April 25 Late 2023"]
[White "Munoz, Francisco Javier"]
[Black "Bluebaum, Matthias"]
[WhiteFideId "128368"]
[BlackFideId "24651516"]
[WhiteElo "2383"]
[BlackElo "2638"]
[Result "0-1"]
[Round "02"]
[TimeControl "180+2"]
[Date "2023.04.25"]
[WhiteClock "0:00:02"]
[BlackClock "0:00:09"]

1. e4 e6 2. d4 d5 3. exd5 exd5 4. Nc3 c6 5. Bf4 Bd6 6. Qf3 Ne7 7. O-O-O O-O 8. Bd3 Ng6 9. Bxd6 Qxd6 10. Nge2 Na6 11. h4 Nb4 12. h5 Nxd3+ 13. Rxd3 Ne7 14. h6 g6 15. Nf4 Bf5 16. Re3 Bd7 17. Nce2 Nf5 18. Rb3 b6 19. g4 Ne7 20. Re3 Rae8 21. Ng3 c5 22. dxc5 bxc5 23. Rhe1 Bc6 24. Re5 d4 25. Qe2 f6 26. Rxe7 Qxf4+ 27. Kb1 Qd6 28. f4 Rxe7 29. Qxe7 Qxe7 30. Rxe7 Rf7 31. Re1 Kf8 32. c3 dxc3 33. bxc3 Rb7+ 34. Kc2 Ba4+ 35. Kd3 Bb5+ 36. Kc2 Rd7 37. Re6 Ba4+ 38. Kb2 Kf7 39. f5 gxf5 40. gxf5 Rb7+ 41. Ka3 Bc2 42. Ra6 Bd3 43. Ra5 c4 44. Ra6 Ke7 45. Nh5 Bxf5 46. Nxf6 Kf7 47. Nd5 Be6 48. Nf4 Bf5 49. Nd5 Bd3 50. Nf4 Re7 51. Rd6 Bf5 52. Nd5 Re6 53. Rd7+ Kg6 54. Rxa7 Kxh6 55. Nf4 Re3 56. Ra6+ Kg5 57. Nd5 Rd3 58. Ra5 h5 59. Ne7 Rf3 60. Kb4 h4 61. Ra8 h3 62. Rh8 Bg4 63. Nc6 Rf6 64. Nd4 Rh6 65. Rg8+ Kh4 66. Rf8 h2 67. Rf1 Kg3 68. Re1 h1=Q 69. Rxh1 Rxh1 70. Kxc4 Ra1 71. Kb3 Kf4 72. a4 Bd1+ 73. Kb4 Rxa4+ 74. Kc5 Ra1 75. Kd6 Ke3 76. Nb5 Kd3 77. Kc5 Ba4 78. Nd4 Kxc3 79. Nf5 Kd3 80. Nd6 Rc1+ 81. Kb4 Bd7 82. Nb7 Kd4 83. Ka5 Ra1+ 84. Kb6 Bg4 85. Kc7 Kd5 86. Nd8 Rc1+ 87. Kb6 Bf3 88. Nb7 Rb1+ 89. Kc7 Bg4 90. Nd8 Be6 91. Nb7 Ke5 92. Nd8 Bd5 93. Kd7 Rb8 94. Ke7 Ra8 95. Kd7 Ra7+ 96. Kc8 Kd6 97. Kb8 Ra8# 0-1


[Site "https://www.chess.com"]

[Event "Titled Tuesday Blitz April 25 Late 2023"]
[White "Lazavik, Denis"]
[Black "Piesik, Piotr"]
[WhiteFideId "13515110"]
[BlackFideId "1136194"]
[WhiteElo "2560"]
[BlackElo "2299"]
[Result "1-0"]
[Round "02"]
[TimeControl "180+2"]
[Date "2023.04.25"]
[WhiteClock "0:01:38"]
[BlackClock "0:02:19"]

1. d4 c5 2. d5 e5 3. e4 d6 4. Bb5+ Nd7 5. a4 Be7 6. Nf3 Nf6 7. Nbd2 O-O 8. O-O Ne8 9. Bd3 Bg5 10. Nxg5 Qxg5 11. Nc4 Qe7 12. f4 exf4 13. Bxf4 Ne5 14. Nxe5 dxe5 15. Be3 b6 16. a5 Bb7 17. c3 Nd6 18. Qg4 f6 19. h4 Bc8 20. Qg3 Bd7 21. h5 Kh8 22. h6 g6 23. Rf2 Bb5 24. Bc2 Rf7 25. axb6 1-0


[Site "https://www.chess.com"]

[Event "Titled Tuesday Blitz April 25 Late 2023"]
[White "Ismagilov, Damir"]
[Black "Kollars, Dmitrij"]
[WhiteFideId "34199982"]
[BlackFideId "12909572"]
[WhiteElo "2078"]
[BlackElo "2584"]
[Result "0-1"]
[Round "02"]
[TimeControl "180+2"]
[Date "2023.04.25"]
[WhiteClock "0:00:03"]
[BlackClock "0:00:13"]

1. d4 Nf6 2. Nf3 e6 3. Bg5 d5 4. Nbd2 Nbd7 5. e3 b6 6. Bd3 Bb7 7. c3 Bd6 8. e4 dxe4 9. Bxe4 Qc8 10. Bxb7 Qxb7 11. Qe2 O-O 12. O-O c5 13. dxc5 Bxc5 14. Rad1 h6 15. Bxf6 Nxf6 16. Nb3 Be7 17. Ne5 b5 18. Na5 Qc7 19. Nac6 a6 20. Nxe7+ Qxe7 21. Rd2 Qc7 22. Rfd1 Rad8 23. Rxd8 Rxd8 24. Rxd8+ Qxd8 25. Qd3 Qc7 26. Qd4 Nd5 27. h3 a5 28. c4 bxc4 29. Nxc4 a4 30. Ne3 Nf4 31. Qxa4 Qc1+ 32. Kh2 Ne2 33. Qd1 Qxb2 34. a4 Nd4 35. a5 e5 36. Kg1 Qa2 37. Qe1 Qa4 38. Kh2 Qa2 39. Kg1 h5 40. h4 g6 41. Qf1 Qxa5 42. Nc4 Qd5 43. Ne3 Qe4 44. Qd1 Qxh4 45. Qa4 Nf3+ 0-1


[Site "https://www.chess.com"]

[Event "Titled Tuesday Blitz April 25 Late 2023"]
[White "Martinez Alcantara, Jose Eduardo"]
[Black "Schnaider, Ilan"]
[WhiteFideId "3805662"]
[BlackFideId "169013"]
[WhiteElo "2711"]
[BlackElo "2224"]
[Result "1-0"]
[Round "02"]
[TimeControl "180+2"]
[Date "2023.04.25"]
[WhiteClock "0:00:31"]
[BlackClock "0:00:01"]

1. e4 c5 2. Nf3 d6 3. c3 Nf6 4. h3 g6 5. Bd3 Bg7 6. Bc2 O-O 7. O-O Nc6 8. d4 cxd4 9. cxd4 e5 10. d5 Ne7 11. Nc3 a6 12. Bg5 Nd7 13. Qd2 f5 14. exf5 gxf5 15. Rfe1 Qe8 16. Ne2 Ng6 17. Ng3 e4 18. Nd4 Nde5 19. Ne6 Rf7 20. Nxg7 Kxg7 21. Nh5+ Kh8 22. Qb4 Qf8 23. Nf4 h6 24. Nxg6+ Nxg6 25. Bd2 Kh7 26. Re3 Bd7 27. f3 Re8 28. Rae1 exf3 29. Rxf3 Rxe1+ 30. Bxe1 Ne5 31. Rf4 Ng6 32. Rf2 Ne5 33. Bc3 Kg8 34. a4 Qg7 35. Qxd6 Re7 36. Re2 Nf3+ 37. Kf1 Nh2+ 38. Qxh2 1-0


[Site "https://www.chess.com"]

[Event "Titled Tuesday Blitz April 25 Late 2023"]
[White "Soham Kamotra"]
[Black "Paravyan, David"]
[WhiteFideId "46647490"]
[BlackFideId "4194985"]
[WhiteElo "2209"]
[BlackElo "2563"]
[Result "0-1"]
[Round "02"]
[TimeControl "180+2"]
[Date "2023.04.25"]
[WhiteClock "0:00:01"]
[BlackClock "0:00:24"]

1. d4 Nf6 2. Bf4 g6 3. Nc3 d5 4. h3 Bg7 5. Nb5 Na6 6. e3 O-O 7. Nf3 Ne4 8. Nd2 Nxd2 9. Qxd2 c6 10. Nc3 Nc7 11. a4 f6 12. e4 e5 13. dxe5 fxe5 14. Bg5 Qd7 15. O-O-O d4 16. Bc4+ Ne6 17. f4 Kh8 18. Ne2 Nxg5 19. fxg5 Qe7 20. h4 Bg4 21. Rdf1 Rxf1+ 22. Rxf1 Rf8 23. Qe1 h6 24. Kb1 Rxf1 25. Qxf1 hxg5 26. hxg5 Qxg5 27. Qf7 Kh7 28. Qxb7 Qe3 29. Nc1 Qxe4 30. Qxa7 Qxg2 31. a5 Bf5 32. Bb3 e4 33. a6 d3 34. Qb8 d2 0-1


[Site "https://www.chess.com"]

[Event "Titled Tuesday Blitz April 25 Late 2023"]
[White "Makarian, Rudik"]
[Black "Martinez Reyes, Pedro Ramon"]
[WhiteFideId "44105681"]
[BlackFideId "3901807"]
[WhiteElo "2430"]
[BlackElo "2340"]
[Result "1-0"]
[Round "02"]
[TimeControl "180+2"]
[Date "2023.04.25"]
[WhiteClock "0:00:22"]
[BlackClock "0:00:46"]

1. d4 Nf6 2. c4 c5 3. Nf3 cxd4 4. Nxd4 e5 5. Nb5 d5 6. cxd5 Bc5 7. e3 O-O 8. N5c3 e4 9. Be2 Re8 10. a3 Nbd7 11. Nd2 a6 12. O-O b5 13. b4 Bd6 14. Bb2 Nf8 15. Nb3 Qc7 16. g3 Bh3 17. Re1 Ng6 18. Rc1 Qd7 19. Nc5 Qf5 20. f4 exf3 21. Bxf3 Qg5 22. N3e4 Nxe4 23. Nxe4 Rxe4 24. Bxe4 Bxg3 25. hxg3 Qxg3+ 26. Kh1 Qh4 27. Qd4 Bf5+ 28. Kg1 Qg3+ 29. Bg2 Nh4 30. Qxg7+ Qxg7 31. Bxg7 Kxg7 1-0


[Site "https://www.chess.com"]

[Event "Titled Tuesday Blitz April 25 Late 2023"]
[White "Lenaerts, Lennert"]
[Black "Bortnyk, Olexandr"]
[WhiteFideId "211435"]
[BlackFideId "14120828"]
[WhiteElo "2334"]
[BlackElo "2734"]
[Result "0-1"]
[Round "02"]
[TimeControl "180+2"]
[Date "2023.04.25"]
[WhiteClock "0:00:14"]
[BlackClock "0:00:09"]

1. d4 d6 2. e4 Nf6 3. Nc3 e5 4. dxe5 dxe5 5. Qxd8+ Kxd8 6. Nf3 Bd6 7. Be3 c6 8. Ng5 Ke7 9. Bc4 Be6 10. Nxe6 fxe6 11. f3 Nbd7 12. O-O-O b5 13. Bb3 Bc5 14. Bxc5+ Nxc5 15. Ne2 a5 16. c3 a4 17. Bc2 g5 18. b4 axb3 19. axb3 Ra2 20. b4 Ncd7 21. Rhe1 Rha8 22. Bb3 R2a3 23. Kb2 Nb6 24. Ra1 Rxa1 25. Rxa1 Rxa1 26. Kxa1 g4 27. Kb2 gxf3 28. gxf3 Nh5 29. Kc2 Nf4 30. Kd2 Nxe2 31. Kxe2 Kf6 32. Kf2 h6 33. Kg3 Na4 34. c4 Nb2 35. cxb5 cxb5 36. Bc2 Kg5 37. h4+ Kf6 38. Kg4 Kg6 39. Bb1 Nd1 40. Kg3 Nb2 41. Kg4 h5+ 42. Kg3 Kf6 43. Kf2 Nd1+ 44. Ke1 Ne3 45. Bd3 Ng2+ 46. Kf2 Nxh4 47. Bxb5 Ke7 48. Bf1 Ng6 49. b5 Kd6 50. Kg3 Kc5 51. Be2 h4+ 52. Kg4 h3 53. Bf1 h2 54. Bg2 Nf4 55. Bh1 Kxb5 56. Kg3 Kc4 57. Kxh2 Kd3 58. Kg3 Ke3 59. Bg2 Ke2 60. Bh1 Kf1 61. Kg4 Kg1 62. Kg5 Kxh1 63. Kf6 Kg2 64. Kxe5 Kxf3 65. Kd4 Ng6 66. e5 Kf4 67. Kd3 Kxe5 68. Kd2 Kf5 69. Ke1 e5 70. Kf2 e4 71. Ke2 Ke5 72. Ke3 Kf5 73. Ke2 Kf4 74. Kf1 e3 75. Ke2 Ke4 0-1


[Site "https://www.chess.com"]

[Event "Titled Tuesday Blitz April 25 Late 2023"]
[White "Gupta, Abhijeet"]
[Black "Leenhouts, Koen"]
[WhiteFideId "5010608"]
[BlackFideId "1008439"]
[WhiteElo "2528"]
[BlackElo "2409"]
[Result "0-1"]
[Round "02"]
[TimeControl "180+2"]
[Date "2023.04.25"]
[WhiteClock "0:00:05"]
[BlackClock "0:00:17"]

1. d4 d5 2. Nf3 Nf6 3. Bf4 c5 4. e3 e6 5. c3 Nc6 6. Nbd2 Bd6 7. Bg3 O-O 8. Bd3 b6 9. e4 Be7 10. e5 Nd7 11. h4 f5 12. exf6 Nxf6 13. Qe2 Bd6 14. Bxd6 Qxd6 15. O-O cxd4 16. cxd4 h6 17. a3 Ng4 18. g3 Bd7 19. Rad1 Rae8 20. Bg6 Re7 21. Bb1 e5 22. Ba2 Kh8 23. dxe5 Ncxe5 24. Nxe5 Rxe5 25. Qd3 Bf5 26. Qd4 Qf6 27. Nf3 Re2 28. Qxf6 Nxf6 29. Rd2 Rfe8 30. Rc1 Rxd2 31. Nxd2 Re2 32. Nf1 Rxb2 33. Ne3 Be4 34. f3 Bxf3 35. Bb1 d4 36. Rc8+ Ng8 37. Bg6 dxe3 38. Bf7 Rb1+ 0-1


[Site "https://www.chess.com"]

[Event "Titled Tuesday Blitz April 25 Late 2023"]
[White "Ehlvest, Jaan"]
[Black "Bortnyk, Mykola"]
[WhiteFideId "4500016"]
[BlackFideId "14120836"]
[WhiteElo "2442"]
[BlackElo "2582"]
[Result "0-1"]
[Round "02"]
[TimeControl "180+2"]
[Date "2023.04.25"]
[WhiteClock "0:00:37"]
[BlackClock "0:01:24"]

1. e4 Nf6 2. e5 Nd5 3. d4 d6 4. Nf3 dxe5 5. Nxe5 c6 6. Bc4 Bf5 7. O-O Nd7 8. Nxd7 Qxd7 9. c3 e6 10. Nd2 Bd6 11. Nf3 O-O 12. Re1 Rad8 13. Bd3 Bxd3 14. Qxd3 c5 15. Bg5 Rc8 16. dxc5 Bxc5 17. Rad1 Qa4 18. a3 h6 19. Bc1 a5 20. c4 Nb6 21. b3 Qc6 22. Ne5 Qc7 23. Qg3 f6 24. Nd3 Qxg3 25. hxg3 e5 26. Nxc5 Rxc5 27. Be3 Rc6 28. c5 Nc8 29. Rd7 Rf7 30. Red1 b6 31. b4 axb4 32. axb4 bxc5 33. Bxc5 Nb6 34. Rd8+ Kh7 35. g4 Na4 36. Be3 Rb7 37. R1d7 Rxb4 38. g5 hxg5 39. Ra7 Kg6 40. Rdd7 Kf5 41. Rxg7 Nc3 42. Ra1 Ne2+ 43. Kf1 Rc2 44. Rf7 Rh4 45. g3 Rh1+ 46. Kg2 Rxa1 0-1


[Site "https://www.chess.com"]

[Event "Titled Tuesday Blitz April 25 Late 2023"]
[White "Svane, Rasmus"]
[Black "Ozates, Tuna"]
[WhiteFideId "4657101"]
[BlackFideId "6354521"]
[WhiteElo "2597"]
[BlackElo "2151"]
[Result "1-0"]
[Round "02"]
[TimeControl "180+2"]
[Date "2023.04.25"]
[WhiteClock "0:00:05"]
[BlackClock "0:00:08"]

1. Nf3 c5 2. c4 Nc6 3. Nc3 Nd4 4. Ng1 Nc6 5. e3 Nf6 6. Nf3 e6 7. d4 d5 8. a3 cxd4 9. exd4 Bd6 10. c5 Bb8 11. Bb5 O-O 12. O-O Ne4 13. Bd3 f5 14. Ne2 Qf6 15. b4 h6 16. b5 Ne7 17. Qc2 g5 18. Bb2 Ng6 19. c6 Bd6 20. Ne5 Nxe5 21. dxe5 Bxe5 22. Bxe5 Qxe5 23. f3 Nf6 24. Rfe1 Qd6 25. Rac1 bxc6 26. bxc6 Qxa3 27. Nd4 Qd6 28. Re2 a5 29. Rce1 Ne4 30. Kh1 Nc5 31. g4 Nxd3 32. Qxd3 Ba6 33. Nb5 Qxc6 34. Rxe6 Qxb5 35. Qd4 Rf7 36. Rxh6 Rg7 37. gxf5 Qd3 38. Qg4 Qd2 39. Rg1 Be2 40. f6 Rf8 41. Qe6+ Rff7 42. Qe8+ Rf8 43. Rh8+ 1-0


[Site "https://www.chess.com"]

[Event "Titled Tuesday Blitz April 25 Late 2023"]
[White "Martinez Ramirez, Lennis"]
[Black "Hakobyan, Aram"]
[WhiteFideId "3509079"]
[BlackFideId "13306677"]
[WhiteElo "2410"]
[BlackElo "2584"]
[Result "0-1"]
[Round "02"]
[TimeControl "180+2"]
[Date "2023.04.25"]
[WhiteClock "0:00:10"]
[BlackClock "0:00:47"]

1. c4 g6 2. Nc3 Bg7 3. g3 Nf6 4. Bg2 O-O 5. d4 d6 6. Nf3 Bf5 7. O-O Ne4 8. Qb3 Nxc3 9. bxc3 Be4 10. a4 a5 11. Re1 Nd7 12. Bh3 e6 13. Nd2 Bc6 14. e4 e5 15. Bb2 b6 16. Qc2 Re8 17. Qd3 Qe7 18. f3 h5 19. Nf1 h4 20. Ne3 hxg3 21. hxg3 Rad8 22. Nd5 Bxd5 23. cxd5 Bf6 24. Kg2 Kg7 25. Rh1 Rh8 26. Bg4 Bg5 27. Qb5 Nf6 28. dxe5 dxe5 29. Ba3 Qe8 30. Qxe8 Rhxe8 31. Bh3 Nh7 32. c4 Be7 33. Bxe7 Rxe7 34. c5 bxc5 35. Rhc1 Rb8 36. Rab1 Rb4 37. Rxb4 cxb4 38. Rc5 Re8 39. Rxc7 Rb8 40. Bd7 b3 41. Rc1 b2 42. Rb1 Rb4 43. Bb5 Kf8 44. d6 Ng5 45. Kf2 Rb3 46. Ke2 Nxf3 47. d7 Nd4+ 48. Kd2 Ke7 49. g4 Nxb5 50. axb5 Rxb5 51. Kc2 Kd8 52. g5 a4 53. Rxb2 Rxb2+ 54. Kxb2 Kxd7 55. Ka3 f6 56. gxf6 g5 57. Kxa4 g4 58. f7 Ke7 59. Kb4 g3 60. Kc5 g2 61. Kd5 g1=Q 62. Kxe5 Qg7+ 0-1


[Site "https://www.chess.com"]

[Event "Titled Tuesday Blitz April 25 Late 2023"]
[White "Terry, Renato"]
[Black "Danielyan, Vahe"]
[WhiteFideId "3803457"]
[BlackFideId "13304828"]
[WhiteElo "2575"]
[BlackElo "2423"]
[Result "1-0"]
[Round "02"]
[TimeControl "180+2"]
[Date "2023.04.25"]
[WhiteClock "0:01:03"]
[BlackClock "0:00:05"]

1. Nf3 d6 2. c4 Bg4 3. Qb3 Qc8 4. d4 Nf6 5. g3 Bxf3 6. Qxf3 Nbd7 7. Bg2 c6 8. Nc3 g6 9. O-O Bg7 10. Rd1 O-O 11. b3 a6 12. Bb2 Rb8 13. Rac1 Re8 14. g4 e5 15. g5 Nh5 16. e3 Qd8 17. h4 Qe7 18. Ba3 f5 19. gxf6 Bxf6 20. dxe5 Nxe5 21. Qh3 Rbd8 22. Ne4 c5 23. Nxf6+ Nxf6 24. Bb2 Nfg4 25. f4 Qf6 26. Rd2 Kg7 27. fxe5 Nxe5 28. Rf1 Qe7 29. Rdf2 Kg8 30. Bd5+ Kh8 31. Rf7 Qe6 32. Bxe6 1-0


[Site "https://www.chess.com"]

[Event "Titled Tuesday Blitz April 25 Late 2023"]
[White "Chylewski, Patryk"]
[Black "Van Foreest, Jorden"]
[WhiteFideId "1186191"]
[BlackFideId "1039784"]
[WhiteElo "2163"]
[BlackElo "2633"]
[Result "0-1"]
[Round "02"]
[TimeControl "180+2"]
[Date "2023.04.25"]
[WhiteClock "0:00:01"]
[BlackClock "0:00:59"]

1. d4 d5 2. c4 c6 3. cxd5 cxd5 4. Bf4 Nc6 5. e3 Nf6 6. Nc3 Bg4 7. Qb3 Na5 8. Qa4+ Bd7 9. Qc2 e6 10. Bd3 Rc8 11. Nf3 Nh5 12. Bg5 f6 13. Bh4 g6 14. O-O Nc6 15. Qe2 Be7 16. Rac1 O-O 17. Na4 Nb4 18. Nc3 Nxd3 19. Qxd3 a6 20. Rfe1 Bc6 21. Rc2 Qd7 22. Rec1 g5 23. Bg3 Nxg3 24. hxg3 Kg7 25. Nd2 a5 26. g4 Rc7 27. f3 Rfc8 28. Ne2 Bd6 29. Nf1 Bb5 30. Rxc7 Bxc7 31. Qc2 Bxe2 32. Qxe2 Bh2+ 33. Kxh2 Rxc1 34. Ng3 Qc7 35. Kh3 Qc2 36. Qb5 Qc6 37. Qxa5 Qc7 38. Qb5 Kf7 39. a4 Qc6 40. Qa5 Qc7 41. Qa8 Qc8 42. Qa7 Re1 43. a5 Ra1 44. b4 Ra2 45. b5 Kg6 46. a6 Qc2 47. f4 Qxg2# 0-1


[Site "https://www.chess.com"]

[Event "Titled Tuesday Blitz April 25 Late 2023"]
[White "Dardha, Daniel"]
[Black "Toniutti, Ezio"]
[WhiteFideId "240990"]
[BlackFideId "113034"]
[WhiteElo "2581"]
[BlackElo "2215"]
[Result "1-0"]
[Round "02"]
[TimeControl "180+2"]
[Date "2023.04.25"]
[WhiteClock "0:00:43"]
[BlackClock "0:00:06"]

1. d4 d5 2. c4 c6 3. Nf3 Nf6 4. e3 Bf5 5. Nh4 Be4 6. Nc3 e6 7. f3 Bg6 8. Bd2 Be7 9. Qb3 Qc7 10. cxd5 cxd5 11. Rc1 Nc6 12. Nxg6 hxg6 13. g3 O-O 14. Kf2 Rfc8 15. Qd1 e5 16. dxe5 Qxe5 17. Bd3 Rd8 18. Ne2 Rd7 19. Bc3 Qd6 20. Nd4 Ne5 21. Be2 a6 22. Kg2 Rc8 23. b3 Rdc7 24. Qd2 Ned7 25. Bb2 g5 26. Nf5 Qe6 27. Nxe7+ Qxe7 28. Rxc7 Rxc7 29. Rc1 Rxc1 30. Qxc1 g4 31. fxg4 Nf8 32. Bf3 Qe6 33. Qc3 N8h7 34. h4 Nf8 35. g5 Ne8 36. Qe5 Qd7 37. Bxd5 Ne6 38. Bxe6 fxe6 39. g4 Qd2+ 40. Kh3 Kf7 41. g6+ Ke7 42. Ba3+ Kd7 43. Qd4+ Qxd4 44. exd4 Kc6 45. h5 Kd5 46. Bf8 Kxd4 47. Bxg7+ Nxg7 48. h6 1-0


[Site "https://www.chess.com"]

[Event "Titled Tuesday Blitz April 25 Late 2023"]
[White "Karttunen, Mika"]
[Black "Kevlishvili, Robby"]
[WhiteFideId "502081"]
[BlackFideId "1040634"]
[WhiteElo "2396"]
[BlackElo "2572"]
[Result "0-1"]
[Round "02"]
[TimeControl "180+2"]
[Date "2023.04.25"]
[WhiteClock "0:00:03"]
[BlackClock "0:00:06"]

1. d4 d5 2. c4 c6 3. Nf3 Nf6 4. e3 Bf5 5. Nc3 e6 6. Bd3 Bxd3 7. Qxd3 Nbd7 8. O-O Bb4 9. Bd2 a5 10. Rfd1 O-O 11. Rac1 Qe7 12. Be1 Rfd8 13. h3 h6 14. a3 Bd6 15. Bd2 a4 16. c5 Bc7 17. Qc2 b5 18. cxb6 Nxb6 19. Na2 Nc4 20. Bb4 Qd7 21. Nd2 Nxd2 22. Rxd2 Rdc8 23. Rdd1 Bd6 24. Bxd6 Qxd6 25. Nb4 Nd7 26. Nd3 Ra5 27. Qd2 Rb5 28. Rc2 Nb6 29. Rdc1 Nc4 30. Rxc4 dxc4 31. Rxc4 Rcb8 32. Qc2 Qd5 33. Rxa4 Qe4 34. Rc4 Rg5 35. Nf4 Qxc2 36. Rxc2 e5 37. h4 Rg4 38. dxe5 Rxh4 39. b4 Ra8 40. Rc3 Rg4 41. g3 g5 42. Nd3 Re4 43. Kf1 f6 44. exf6 Re6 45. Ke2 Rxf6 46. e4 Kg7 47. Ke3 Kg6 48. e5 Re6 49. f4 Kf5 50. Kf3 h5 51. Ke3 h4 52. gxh4 gxh4 53. Kf3 Rg8 0-1


[Site "https://www.chess.com"]

[Event "Titled Tuesday Blitz April 25 Late 2023"]
[White "Anton Guijarro, David"]
[Black "Fiorito, Francisco"]
[WhiteFideId "2285525"]
[BlackFideId "180165"]
[WhiteElo "2618"]
[BlackElo "2341"]
[Result "1-0"]
[Round "02"]
[TimeControl "180+2"]
[Date "2023.04.25"]
[WhiteClock "0:00:22"]
[BlackClock "0:00:05"]

1. d4 Nf6 2. Nf3 c5 3. d5 d6 4. Nc3 g6 5. e4 Bg7 6. Bc4 O-O 7. O-O Bg4 8. h3 Bxf3 9. Qxf3 Nbd7 10. Qd1 Qc7 11. a4 b6 12. Re1 a6 13. Bg5 Rfb8 14. Qe2 Qc8 15. f4 h6 16. Bh4 Nh5 17. Qf3 Qf8 18. e5 dxe5 19. f5 Nf4 20. fxg6 Nxg6 21. Bg3 Ra7 22. Qf5 Rd8 23. Rad1 Nf6 24. d6 e6 25. Bxe6 fxe6 26. Qxg6 Rxd6 27. Bxe5 Rxd1 28. Rxd1 Rf7 29. Rd6 Ne8 30. Rxe6 Rf1+ 31. Kh2 Nf6 32. Ne4 Nxe4 33. Re8 Qxe8 34. Qxg7# 1-0


[Site "https://www.chess.com"]